 Dungeon Crawl Stone Soup version 0.25.0-37-gb73750e0fb (console) character file.

Game seed: 5439071886523891726

35 Colgate the Shooter (level 3, 0/27 HPs)
             Began as a Hill Orc Wanderer on July 8, 2020.
             Slain by a scorpion (3 damage)
             ... on level 5 of the Dungeon.
             The game lasted 00:10:27 (1394 turns).

Colgate the Shooter (Hill Orc Wanderer)             Turns: 1394, Time: 00:10:27

Health: 0/27       AC:  5    Str: 14    XL:     3   Next: 35%
Magic:  4/4        EV: 10    Int: 13    God:
Gold:   77         SH:  0    Dex: 10    Spells: 2/2 levels left

rFire    . . .     SeeInvis .   a - +2 shortbow
rCold    . . .     Gourm    .   (shield currently unavailable)
rNeg     . . .     Faith    .   c - +0 ring mail
rPois    +         Spirit   .   (no helmet)
rElec    .         Reflect  .   (no cloak)
rCorr    .         Harm     .   (no gloves)
MR       .....                  (no boots)
Stlth    ..........             (no amulet)
HPRegen  0.09/turn              i - ring of poison resistance
MPRegen  0.09/turn              (no ring)

@: no status effects
A: reduced essence
a: no special abilities


You were on level 5 of the Dungeon.
You were not hungry.

You visited 1 branch of the dungeon, and saw 5 of its levels.

You collected 77 gold pieces.

Inventory:

Hand Weapons
 a - a +2 shortbow (weapon)
Missiles
 b - 16 arrows (quivered)
 g - 20 sling bullets
Armour
 c - a +0 ring mail (worn)
Jewellery
 i - a ring of poison resistance (left hand)
Wands
 d - a wand of random effects (14)
Scrolls
 h - a scroll of random uselessness {unknown}
 j - a scroll of identify {unknown}
 m - 2 scrolls of immolation {unknown}
 n - a scroll of blinking {unknown}
 o - a scroll of amnesia {unknown}
Potions
 e - a potion of curing {unknown}
 k - a potion of lignification {unknown}
 l - 2 potions of heal wounds {unknown}
Comestibles
 f - a ration


   Skills:
 + Level 2.8 Fighting
   Level 1.3 Axes
 + Level 3.6 Bows
 + Level 2.3 Armour
 + Level 2.1 Evocations


You had 2 spell levels left.
You didn't know any spells.
Your spell library was empty.

Dungeon Overview and Level Annotations

Branches:
Dungeon (5/15)
 Temple: D:4-7

Altars:
Hepliaklqana

Annotations:
D:3 2 transporters
D:5 Blork the orc


Message History

Really attack while wielding your +2 shortbow? [Y]es or [N]o only, please.
Really attack while wielding your +2 shortbow?
Okay, then.
Firing (i - inventory)
b - 18 arrows (quivered)
Press: ? - help, Shift-Dir - straight line, f/p - Blork the orc
Aim: Blork the orc, wielding a +0 short sword and wearing a +0 robe (heavily wounded, heavily drained)
You shoot an arrow. The arrow closely misses Blork the orc.
The arrow hits the frilled lizard!
You kill the frilled lizard!
The scorpion stings you.
* * * LOW HITPOINT WARNING * * *
Blork the orc hits you with a +0 short sword.
* * * LOW HITPOINT WARNING * * *
Firing (i - inventory)
b - 17 arrows (quivered)
Press: ? - help, Shift-Dir - straight line, f/p - Blork the orc
Aim: Blork the orc, wielding a +0 short sword and wearing a +0 robe (heavily wounded, heavily drained)
You shoot an arrow. The arrow hits Blork the orc!
Blork the orc is almost dead.
The scorpion stings you.
You die...

###### #####
.#....^##....##
........#......
..............#
.......s......#
(.(Y..o@†......
..)..........#.
.......#####...
......# .
.#.... ####. #


You could see Blork the orc (drained), a sky beast and a scorpion.

Vanquished Creatures
  Natasha (D:4)
  A worm (D:2)
  A dart slug (D:1)
  3 giant cockroaches
  2 goblins
  5 hobgoblins
  4 jackals (D:1)
  A ball python (D:5)
  3 bats
  2 frilled lizards
  5 kobolds (D:1)
  5 rats
33 creatures vanquished.

Notes
Turn   | Place    | Note
-------+----------+-------------------------------------------
     0 | D:1      | Colgate the Hill Orc Wanderer began the quest for the Orb.
     0 | D:1      | Colgate set off with the following items: a +2 shortbow, 28
                  | arrows, a +0 ring mail, a wand of random effects (15), a
                  | ration
     0 | D:1      | Reached XP level 1. HP: 18/18 MP: 2/2
     0 | D:1      | Upgraded the game from 0.25.0-33-gff14898491 to
                  | 0.25.0-37-gb73750e0fb
    51 | D:1      | Reached skill level 3 in Bows
    63 | D:1      | Reached XP level 2. HP: 12/25 MP: 3/3
   535 | D:1      | Reached XP level 3. HP: 30/30 MP: 4/4
  1235 | D:3      | Found a hazy altar of Hepliaklqana.
  1236 | D:3      | Found a transporter.
  1305 | D:3      | Became a worshipper of Hepliaklqana the Forgotten
  1338 | D:3      | Found a transporter.
  1340 | D:3      | Fell from the grace of Hepliaklqana
  1379 | D:4      | Noticed Natasha
  1383 | D:4      | Killed Natasha
  1387 | D:5      | Entered Level 5 of the Dungeon
  1387 | D:5      | Noticed Blork the orc
  1387 | D:5      | Noticed a scorpion
  1391 | D:5      | Noticed a sky beast
  1394 | D:5      | Slain by a scorpion

Illustrated notes

Levels and vault maps discovered:
D:1:      onia_arrival_mini_maze_b, layout_basic, amethyst_killhole,
          minmay_fountain_box, minmay_pentomino_s2
D:2:      layout_rooms, xom_teletrap_fun, fedhas_ov_isle_minmay,
          lemuel_old_faithful, uniq_robin
D:3:      gammafunk_wand_slinger, layout_basic, lemuel_round_altar,
          hellmonk_ghost_happy_afterlife, nemelex_xobeh_ov_fountains_minmay,
          uniq_sigmund
D:4:      layout_rooms, kennysheep_ying_yang, nicolae_overflow_crystal_walls,
          kennysheep_mini_moat, serial_corexii_hall,
          chequers_hall_statues_wall_a, chequers_hall_statues_wall_a,
          uniq_natasha
D:5:      cheibrodos_quashed, layout_rooms, first_ration, serial_shops, shop,
          uniq_blork_the_orc

Skill      XL: |  1 |
---------------+----+-----
Bows           | 3 |  3.6
Fighting       | |  2.8
Axes           | |  1.3
Armour         | |  2.3
Evocations     | |  2.1

Action                   || total
-------------------------++-------
 Fire: Shortbow          ||    95
Invok: Renounce Religion ||     1
Evoke: Wand              ||     1
  Eat: Chunk             ||     1
Armor: Ring mail         ||    20
Dodge: Dodged            ||    20
